 Dungeon Crawl Stone Soup version 0.21.1-1-g345015f (webtiles) character file.

85 tidbits the Charmwright (level 4, 15/38 HPs)
             Began as a Gnoll Skald on June 22, 2018.
             Quit the game on level 5 of the Dungeon.
             The game lasted 00:02:51 (262 turns).

tidbits the Charmwright (Gnoll Skald)                Turns: 262, Time: 00:02:51

Health: 15/38      AC:  3    Str: 14    XL:     4   Next: 48%
Magic:  0/11       EV: 14    Int: 16    God:
Gold:   37         SH:  0    Dex: 14    Spells: 2/13 levels left

rFire    . . .     SeeInvis .   a - +0 war axe
rCold    . . .     Gourm    .   (no shield)
rNeg     . . .     Faith    .   b - +0 leather armour
rPois    .         Spirit   .   (no helmet)
rElec    .         Reflect  .   (no cloak)
rCorr    .         Harm     .   (no gloves)
MR       .....                  (no boots)
Stlth    +.........             (no amulet)
HPRegen  0.12/turn              (no ring)
MPRegen  0.12/turn              (no ring)

@: very slightly contaminated
A: distributed training, fangs 1, strong nose
a: no special abilities


You were on level 5 of the Dungeon.
You were not hungry.

You visited 1 branch of the dungeon, and saw 5 of its levels.

You collected 37 gold pieces.

Inventory:

Hand Weapons
 a - a +0 war axe (weapon)
 f - a +0 dagger
 i - a +0 hand axe
Armour
 b - a +0 leather armour (worn)
Scrolls
 e - a scroll of teleportation {unknown}
 g - 2 scrolls of remove curse {unknown}
 h - a scroll of immolation {unknown}
Books
 c - a book of Battle

   Spells                             Type                      Level
   a - Infusion                       Charms                       1
   b - Shroud of Golubria             Charms/Translocation         2
   c - Song of Slaying                Charms                       2
   d - Spectral Weapon                Hexes/Charms                 3
   e - Regeneration                   Charms/Necromancy            3
Comestibles
 d - 2 rations


   Skills:
 + Level 4.6 Fighting
 + Level 1.1 Short Blades
 + Level 1.1 Long Blades
 + Level 4.6 Axes
 + Level 1.1 Maces & Flails
 + Level 1.1 Polearms
 + Level 1.1 Staves
 + Level 1.1 Slings
 + Level 1.1 Bows
 + Level 1.1 Crossbows
 + Level 1.1 Throwing
 + Level 2.7 Armour
 + Level 4.6 Dodging
 + Level 1.1 Stealth
 + Level 1.1 Shields
 + Level 1.1 Unarmed Combat
 + Level 5.1 Spellcasting
 + Level 0.9 Conjurations
 + Level 0.9 Hexes
 + Level 5.4 Charms
 + Level 0.9 Summonings
 + Level 0.9 Necromancy
 + Level 0.9 Translocations
 + Level 0.9 Transmutations
 + Level 0.9 Fire Magic
 + Level 0.9 Ice Magic
 + Level 0.9 Air Magic
 + Level 0.9 Earth Magic
 + Level 0.9 Poison Magic
 + Level 1.2 Invocations
 + Level 1.1 Evocations


You had 2 spell levels left.
You knew the following spells:

 Your Spells              Type           Power        Failure   Level  Hunger
g - Shroud of Golubria    Chrm/Tloc      ##........   8%          2    #......
i - Infusion              Chrm           ###.         1%          1    None
r - Regeneration          Chrm/Necr      ##........   14%         3    ###....
w - Spectral Weapon       Hex/Chrm       ##......     14%         3    ###....
y - Song of Slaying       Chrm           ###.....     3%          2    #......


Dungeon Overview and Level Annotations

Branches:
Dungeon (5/15)
 Temple: D:4-7

Altars:
Okawaru

Annotations:
D:4 Dowan, Duvessa


Innate Abilities, Weirdness & Mutations

Your experience applies equally to all skills.
You have very sharp teeth.
Your uncanny sense of smell can sniff out nearby items.


Message History

The howler monkey hoots and howls with incredible vigour!
You hear an angry hiss. x2; You hear a bark!
You hit the howler monkey.
The howler monkey is severely wounded.
The howler monkey closely misses you.
Dowan zaps a wand.
Some rock shatters into small pieces.
Okay, then.
It was a potion of heal wounds.
You feel much better.
Duvessa gestures with her weapon.
The howler monkey barely misses you.
You hit Duvessa.
Duvessa is lightly wounded.
You hit the howler monkey. The howler monkey misses you. x2
Duvessa misses you.
Unknown command.
You hit Duvessa.
Duvessa is lightly wounded.
You slash the howler monkey!
You kill the howler monkey!
Your Short Blades skill increases to level 1!
Your Long Blades skill increases to level 1!
Your Maces & Flails skill increases to level 1!
Your Polearms skill increases to level 1!
Your Staves skill increases to level 1!
Your Slings skill increases to level 1!
Your Bows skill increases to level 1!
Your Crossbows skill increases to level 1!
Your Throwing skill increases to level 1!
Your Stealth skill increases to level 1!
Your Shields skill increases to level 1!
Your Unarmed Combat skill increases to level 1!
Your Evocations skill increases to level 1!
You have reached level 4!
You feel stronger.
You hit Dowan.
Dowan points at you and mumbles some strange words.
The puff of frost hits you! Duvessa hits you with a short sword.
Dowan hits you with a dagger. The hound misses you.
A leopard gecko comes into view.
You closely miss Duvessa. You bite Duvessa, but do no damage.
Duvessa is lightly wounded.
You slash the hound! You hit Dowan but do no damage. The hound bites you.
Duvessa gestures with her weapon.
Duvessa hits you with a short sword!
* * * LOW HITPOINT WARNING * * *
Dowan completely misses you.
Unknown command.
Duvessa barely misses you. The hound bites you.
* * * LOW HITPOINT WARNING * * *
Dowan gestures at Duvessa while chanting.
Duvessa seems to speed up.
Duvessa misses you.
Dowan zaps a wand.
Some rock shatters into small pieces.
You aren't carrying any potions.
Unknown command.
Duvessa says, "Where magic fails, the sword succeeds!"
Duvessa misses you.
You hear a zap.
You hear a grinding noise.
Duvessa barely misses you.
There is a stone staircase leading down here.
Duvessa hits you with a short sword.
* * * LOW HITPOINT WARNING * * *
You climb downwards.
There is a stone staircase leading up here.
Unknown command.
An orc comes into view. It is wielding a mace.
The orc shouts!
Your song is almost over.
Found a scroll labeled YCLUTHYOGI.
Your leather armour prevents you from hitting the orc.
The orc hits you with a mace.
* * * LOW HITPOINT WARNING * * *
You hit the orc.
You kill the orc!
Things that are here:
a mace; a leather armour; an orc corpse
Casting: Song of Slaying
Confirm with . or Enter, or press ? or * to list all spells.
Your skin crawls.
Your song has ended.
Unknown command.
You see here a scroll labeled YCLUTHYOGI.
e - a scroll labeled YCLUTHYOGI Your skin is crawling a little less now.
Your skin stops crawling.
Your magical contamination has completely faded away.
A crimson imp comes into view.
The crimson imp shouts!
An orc warrior comes into view. It is wielding a mace.
The orc warrior shouts!
The crimson imp hits you.
* * * LOW HITPOINT WARNING * * *
Found a ration.
The crimson imp blinks!
Casting: Regeneration
Confirm with . or Enter, or press ? or * to list all spells.
You miscast Spectral Weapon.
You are very lightly contaminated with residual magic.
Nothing appears to happen.
You aren't carrying any potions.
Unknown command.
Are you sure you want to abandon this character and quit the game? (Confirm with "yes".)

### ##### ###
##.###...## ∆ ..#
#...#..#..# # #.#
#.#@..###.# #.# #.#
#.#####.#.###.###.##
#o#∆##.#..#>........
#.. #.###.#...#.#<..
#5# ##.#..#...#...##
#.. ###.#........#
##% #..#..#####.#
#######.#......#.#
.......)....##.#.#


There were no monsters in sight!

Vanquished Creatures
  A howler monkey (D:4)
  A hound (D:4)
  A dart slug (D:2)
  An orc (D:5)
  2 goblins (D:1)
  4 hobgoblins
  A bat (D:1)
  A frilled lizard (D:3)
  A kobold (D:3)
13 creatures vanquished.

Notes
Turn   | Place    | Note
-------+----------+-------------------------------------------
     0 | D:1      | tidbits the Gnoll Skald began the quest for the Orb.
     0 | D:1      | Reached XP level 1. HP: 20/20 MP: 6/6
    36 | D:1      | Reached XP level 2. HP: 25/26 MP: 0/7
    40 | D:1      | Learned a level 2 spell: Song of Slaying
    43 | D:1      | Learned a level 2 spell: Shroud of Golubria
    97 | D:3      | Found an iron altar of Okawaru.
   158 | D:4      | Reached skill level 5 in Spellcasting
   158 | D:4      | Reached skill level 1 in Invocations
   158 | D:4      | Reached XP level 3. HP: 27/31 MP: 2/9
   163 | D:4      | Learned a level 3 spell: Regeneration
   167 | D:4      | Learned a level 3 spell: Spectral Weapon
   179 | D:5      | Entered Level 5 of the Dungeon
   204 | D:4      | Noticed Dowan
   205 | D:4      | Noticed Duvessa
   216 | D:4      | Reached skill level 1 in Short Blades
   216 | D:4      | Reached skill level 1 in Long Blades
   216 | D:4      | Reached skill level 1 in Maces & Flails
   216 | D:4      | Reached skill level 1 in Polearms
   216 | D:4      | Reached skill level 1 in Staves
   216 | D:4      | Reached skill level 1 in Slings
   216 | D:4      | Reached skill level 1 in Bows
   216 | D:4      | Reached skill level 1 in Crossbows
   216 | D:4      | Reached skill level 1 in Throwing
   216 | D:4      | Reached skill level 1 in Stealth
   216 | D:4      | Reached skill level 1 in Shields
   216 | D:4      | Reached skill level 1 in Unarmed Combat
   216 | D:4      | Reached skill level 1 in Evocations
   216 | D:4      | Reached XP level 4. HP: 38/38 MP: 1/11
   231 | D:5      | HP: 3/38 [orc/mace (5)]
   257 | D:5      | Noticed an orc warrior
   262 | D:5      | Quit the game

Skill      XL: |  1  2  3 |
---------------+----------+-----
Spellcasting   | 5 |  5.1
Invocations    | 1 |  1.2
Short Blades   | 1 |  1.1
Long Blades    | 1 |  1.1
Maces & Flails | 1 |  1.1
Polearms       | 1 |  1.1
Staves         | 1 |  1.1
Slings         | 1 |  1.1
Bows           | 1 |  1.1
Crossbows      | 1 |  1.1
Throwing       | 1 |  1.1
Stealth        | 1 |  1.1
Shields        | 1 |  1.1
Unarmed Combat | 1 |  1.1
Evocations     | 1 |  1.1
Fighting       | |  4.6
Axes           | |  4.6
Armour         | |  2.7
Dodging        | |  4.6
Conjurations   | |  0.9
Hexes          | |  0.9
Charms         | |  5.4
Summonings     | |  0.9
Necromancy     | |  0.9
Translocations | |  0.9
Transmutations | |  0.9
Fire Magic     | |  0.9
Ice Magic      | |  0.9
Air Magic      | |  0.9
Earth Magic    | |  0.9
Poison Magic   | |  0.9

Action                   |  1- 3 |  4- 6 || total
-------------------------+-------+-------++-------
Melee: Hand axe          |    31 |       ||    31
       Bite              |     3 |     1 ||     4
       War axe           |     8 |     3 ||    11
 Cast: Infusion          |     4 |       ||     4
       Song of Slaying   |     1 |       ||     1
       Regeneration      |       |     1 ||     1
  Use: Potion            |     1 |       ||     1
Armor: Leather armour    |     8 |       ||     8
Dodge: Dodged            |    29 |     6 ||    35

Table legend:
 A = Turns spent in this place as a percentage of turns spent in the entire game.
 B = Non-inter-level travel turns spent in this place as a percentage of non-inter-level travel turns spent in the entire game.
 C = Inter-level travel turns spent in this place as a percentage of turns spent in this place.
 D = Turns resting spent in this place as a percentage of non-inter-level travel turns spent in this place.
 E = Turns spent auto-exploring this place as a percentage of non-inter-level travel turns spent in this place.
 F = Non-inter-level travel turns spent in this place divided by the number of levels of this place that you've seen.
                   A       B       C       D       E      F
               +-------+-------+-------+-------+-------+----------------------
         Total | 100.0 | 100.0 |   0.0 |   0.0 |   0.0 |  52.4
       Dungeon | 100.0 | 100.0 |   0.0 |   0.0 |   0.0 |  52.4
               +-------+-------+-------+-------+-------+----------------------

Table legend:
 A = Kills in this place as a percentage of kills in entire the game.
 B = Kills by you in this place as a percentage of kills by you in the entire game.
 C = Kills by friends in this place as a percentage of kills by friends in the entire game.
 D = Other kills in this place as a percentage of other kills in the entire game.
 E = Experience gained in this place as a percentage of experience gained in the entire game.
 F = Experience gained in this place divided by the number of levels of this place that you have seen.
                   A       B       C       D       E      F
               +-------+-------+-------+-------+-------+----------------------
         Total | 100.0 | 100.0 |   N/A |   N/A | 100.0 |  24.4
       Dungeon | 100.0 | 100.0 |   N/A |   N/A | 100.0 |  24.4
               +-------+-------+-------+-------+-------+----------------------

Vault maps used:
D:1:      dpeg_arrival_tiny_a
D:2:      grunt_temple_overflow_gold_and_silver, moated_statue
D:3:      cheibrodos_old_hovel, okawaru_ov_weapons_minmay,
          minmay_overflow_temple_star_hex, first_ration, uniq_robin
D:4:      cheibrodos_helix_gallery, minmay_temple_entry_steel_oval,
          gup_sewer_entry_spiral, uniq_duvessa, uniq_menkaure, uniq_natasha
D:5:      amethyst_overflow_temple_binary, serial_shops,
          nicolae_shop_statue_plus, serial_glass, glass_columns_c,
          glass_columns_c, glass_columns_b, minmay_small_thing
